 Dungeon Crawl Stone Soup version 0.31-a0-486-g8d68a81214 (webtiles) character file.

Game seed: 13198911189309091781

352 pokeman the Magician (level 6, 0/34 HPs)
             Began as a Deep Elf Hedge Wizard on Aug 8, 2023.
             Killed by nerve-wracking pain
             ... invoked by an orc priest
              (12 damage)
             ... on level 4 of the Dungeon.
             The game lasted 00:07:48 (4853 turns).

pokeman the Magician (Deep Elf Hedge Wizard)        Turns: 4853, Time: 00:07:48

Health: 0/34       AC:  3    Str:  7    XL:     6   Next: 35%
Magic:  12/18      EV: 13    Int: 21    God:
Gold:   192        SH:  0    Dex: 14    Spells: 8/19 levels left

rFire   . . .        q - +0 short sword (vamp)
rCold   . . .        (no shield)
rNeg    . . .        b - +0 robe
rPois   .            c - +0 hat
rElec   .            (no cloak)
rCorr   .            (no gloves)
SInv    .            g - +0 pair of boots
Will    .....        (no amulet)
Stlth   ++           (no ring)
HPRegen 0.25/turn    (no ring)
MPRegen 0.16/turn

%: no passive effects
@: no status effects
A: no striking features
a: no special abilities


You were on level 4 of the Dungeon.
You visited 1 branch of the dungeon, and saw 4 of its levels.

You collected 192 gold pieces.

Inventory:

Hand Weapons
 q - a +0 vampiric short sword (weapon)
Armour
 b - a +0 robe (worn)
 c - a +0 hat (worn)
 g - a +0 pair of boots (worn)
 p - a +0 kite shield
Magical Staves
 m - a staff of death
 t - a staff of earth
Scrolls
 a - a scroll of poison {unknown}
 h - 3 scrolls of identify {unknown}
 i - 2 scrolls of summoning {unknown}
 j - 4 scrolls of immolation {unknown}
 k - a scroll of silence {unknown}
 o - a scroll of amnesia {unknown}
 v - a scroll of blinking {unknown}
 w - a scroll of fear {unknown}
 x - a scroll of vulnerability {unknown}
Potions
 d - a potion of magic
 e - a potion of mutation {unknown}
 f - 2 potions of invisibility {unknown}
 l - a potion of haste {unknown}
 n - a potion of brilliance {unknown}
 r - 2 potions of heal wounds {unknown}
 s - a potion of berserk rage {unknown}
 u - a potion of enlightenment {unknown}


   Skills:
 - Level 1.0 Fighting
 - Level 1.0 Armour
 + Level 3.7 Dodging
 - Level 2.4 Stealth
 + Level 1.6 Shields
 * Level 7.0 Spellcasting
 + Level 3.2 Conjurations
 - Level 1.1 Summonings
 - Level 1.1 Translocations


You had 8 spell levels left.
You knew the following spells:

 Your Spells              Type           Power      Damage    Failure   Level
a - Magic Dart            Conj           80%        1d7       2%          1
b - Mephitic Cloud        Conj/Pois/Air  11%        N/A       17%         3
c - Call Imp              Summ           24%        N/A       9%          2
d - Blink                 Tloc           24%        N/A       9%          2
e - Stone Arrow           Conj/Erth      28%        3d8       14%         3

Your spell library contained the following spells:

 Spells                   Type           Power      Damage    Failure   Level
 Sandblast                Erth           14%        2d6       9%          1
 Slow                     Hex            28%        N/A       9%          1
 Cigotuvi's Dreadful Rot  Necr/Pois/Air  14%        N/A       13%         2
 Passwall                 Tmut/Erth      5%         N/A       13%         2


Dungeon Overview and Level Annotations

Branches:
Dungeon (4/15)
 Temple: D:4-7

Altars:
Cheibriados
Ru
Xom


Message History

Beogh smites you!
You barely miss the orc priest.
The orc priest is almost dead.
The orc priest hits you with a +0 mace.
You hit the orc priest.
You kill the orc priest!
Your Spellcasting skill increases to level 7!
Things that are here:
a +0 mace; an orc corpse You are too injured to fight recklessly!
HP restored.
Things that are here:
a +0 battleaxe; a +0 plate armour; an orc corpse You see here a +0 dagger.
You see here a +0 club.
An orc priest is nearby!
Found 15 gold pieces.
Found a stone staircase leading up.
The orc priest shouts!
The orc priest invokes the aid of Beogh against you.
Pain shoots through your body!
Casting: Stone Arrow (quite dangerous; 14% risk of failure)
Confirm with . or Enter, or press ? or * to list all spells.
Aiming: Stone Arrow (quite dangerous; 14% risk of failure)
Press: ? - help, Shift-Dir - straight line, f - orc priest
Aim: an orc priest, wielding a +0 hand axe and wearing a +0 chain mail (77% to hit)
The stone arrow hits the orc priest.
The orc priest is moderately wounded.
The orc priest mumbles some strange prayers to Beogh against you.
Beogh smites you!
Casting: Stone Arrow (quite dangerous; 14% risk of failure)
Confirm with . or Enter, or press ? or * to list all spells.
Aiming: Stone Arrow (quite dangerous; 14% risk of failure)
Press: ? - help, Shift-Dir - straight line, f/p - orc priest
Aim: an orc priest, wielding a +0 hand axe and wearing a +0 chain mail (moderately wounded, 77% to hit)
The stone arrow hits the orc priest.
The orc priest is severely wounded.
The orc priest mumbles some strange prayers to Beogh against you.
Pain shoots through your body!
You die...

#.#### ####
#############.~≈≈≈ ##...#
#.).).))......####
##.....####.###########.#...
#.......##..##$...# #.###.
...........#...# #...#.
..._....####.#### #...#.
##.......#......##. #.#...
#..........@#.#..#.## #....#
#.............# .#... #.####
...b.......o.........##.#
.#..........####......#.####
...........# ..#........
........# #........
...<..... #.##.#.....
......... #..........
#..#.#..###


You could see an orc priest.

Vanquished Creatures
  An orc warrior (D:4)
  2 orc priests (D:4)
  An orc wizard (D:4)
  4 gnolls (D:3)
  3 adders
  A shadow imp (D:3)
  An ufetubus (D:4)
  2 worms
  A dart slug (D:2)
  7 orcs
  11 endoplasms
  5 giant cockroaches
  8 goblins
  5 hobgoblins
  3 jackals (D:3)
  4 ball pythons
  7 bats
  5 frilled lizards
  8 kobolds
  3 rats
  A butterfly (D:4)
83 creatures vanquished.

Notes
Turn   | Place    | Note
-------+----------+-------------------------------------------
     0 | D:1      | pokeman the Deep Elf Hedge Wizard began the quest for the
                  | Orb.
     0 | D:1      | Reached XP level 1. HP: 10/10 MP: 7/7
   309 | D:1      | Reached XP level 2. HP: 4/15 MP: 2/9
   964 | D:2      | Reached skill level 5 in Spellcasting
  1110 | D:2      | Reached XP level 3. HP: 20/20 MP: 6/11
  1114 | D:2      | Learned a level 3 spell: Mephitic Cloud
  1117 | D:2      | Learned a level 2 spell: Call Imp
  1120 | D:2      | Learned a level 2 spell: Blink
  1124 | D:2      | Learned a level 3 spell: Stone Arrow
  1670 | D:2      | Reached skill level 1 in Fighting
  1670 | D:2      | Reached skill level 1 in Armour
  1856 | D:3      | Found a sacrificial altar of Ru.
  1920 | D:3      | Reached XP level 4. HP: 25/25 MP: 6/13
  2470 | D:3      | Reached skill level 6 in Spellcasting
  3742 | D:3      | Reached XP level 5. HP: 29/29 MP: 13/15
  3974 | D:3      | Found a faded altar of an unknown god.
  4073 | D:4      | Reached skill level 1 in Shields
  4371 | D:4      | Found a snail-covered altar of Cheibriados.
  4701 | D:4      | Found a shimmering altar of Xom.
  4707 | D:4      | Noticed an orc warrior
  4732 | D:4      | Killed an orc warrior
  4733 | D:4      | Reached XP level 6. HP: 34/34 MP: 3/17
  4739 | D:4      | Reached skill level 7 in Spellcasting
  4853 | D:4      | Killed from afar by an orc priest

Illustrated notes

Levels and vault maps discovered:
D:1:      grunt_arrival_crossed_arrows, layout_rooms
D:2:      kennysheep_the_goblin_king, layout_basic, kennysheep_nondescript,
          grunt_ministairs_11
D:3:      minmay_inner_zag, layout_basic, nicolae_ru_sacrificial_ziggurat,
          shapermc_ecumenical_altar_hornbeckon, minmay_misc_feat_chi,
          minivault_23, minmay_misc_feat_enclosed,
          corexii_item_surrounded_by_moat
D:4:      layout_rooms, xom_butterflies, lemuel_coloured_pillars_altar,
          kennysheep_mini_moat, grunt_decor_cap,
          nicolae_concentric_dashed_squares_wild

Skill      XL: |  1  2  3  4  5  6 |
---------------+-------------------+-----
Spellcasting   | 5 6 7 |  7.0
Fighting       | 1 |  1.0
Armour         | 1 |  1.0
Conjurations   | 2 3 |  3.2
Shields        | 1 |  1.6
Dodging        | 3 |  3.7
Stealth        | |  2.4
Summonings     | |  1.1
Translocations | |  1.1

Action                     |  1- 3 |  4- 6 || total
---------------------------+-------+-------++-------
  Melee: Dagger            |    13 |       ||    13
         Short sword       |       |    12 ||    12
         Punch             |       |     1 ||     1
   Cast: Magic Dart        |    99 |    65 ||   164
         Stone Arrow       |     4 |    19 ||    23
         Blink             |       |    46 ||    46
         Mephitic Cloud    |       |     3 ||     3
   Stab: Sleeping          |     1 |       ||     1
 Armour: Robe              |     8 |     5 ||    13
  Dodge: Dodged            |    16 |    15 ||    31

Table legend: (Time is in decaauts)
 A = Elapsed time spent in this place.
 B = Non-inter-level travel time spent in this place.
 C = Inter-level travel time spent in this place.
 D = Time resting spent in this place.
 E = Time spent auto-exploring this place.
 F = Levels seen in this place.
 G = Mean time per level.
                   A        B        C        D        E       F      G
               +--------+--------+--------+--------+--------+-----+--------+
         Total |   4857 |   4793 |     64 |    685 |   3312 |   4 | 1214.2 |
       Dungeon |   4857 |   4793 |     64 |    685 |   3312 |   4 | 1214.2 |
               +--------+--------+--------+--------+--------+-----+--------+

Top non-repeatable levels by time:
     D:3: 2467 daAuts
     D:2: 1074 daAuts
     D:1: 735 daAuts
     D:4: 581 daAuts
